 Dungeon Crawl Stone Soup version 0.31-a0-366-ga77b45bd9b (webtiles) character file.

Game seed: 12294676336082632981

31 AdnanSaban the Trooper (level 3, -1/24 HPs)
             Began as a Gargoyle Fighter on July 28, 2023.
             Killed by divine providence
             ... invoked by an orc priest
              (13 damage)
             ... on level 3 of the Dungeon.
             The game lasted 00:01:19 (1632 turns).

AdnanSaban the Trooper (Gargoyle Fighter)           Turns: 1632, Time: 00:01:19

Health: -1/24      AC: 13    Str: 21    XL:     3   Next: 22%
Magic:  3/3        EV:  7    Int:  8    God:
Gold:   80         SH:  4    Dex:  9    Spells: 2/2 levels left

rFire   . . .        a - +0 flail
rCold   . . .        c - +0 buckler
rNeg    + . .        i - +0 chain mail
rPois   ∞            (no helmet)
rElec   +            (no cloak)
rCorr   .            o - +0 pair of gloves
SInv    .            (no boots)
Will    .....        (no amulet) Stlth
                     (no ring)
HPRegen 0.24/turn    (no ring)
MPRegen 0.08/turn

%: no passive effects
@: no status effects
A: sickness immunity, AC +3, negative energy resistance 1, electricity
resistance, torment resistance 1, petrification resistance
a: no special abilities


You were on level 3 of the Dungeon.
You visited 1 branch of the dungeon, and saw 3 of its levels.

You collected 80 gold pieces.

Inventory:

Hand Weapons
 a - a +0 flail (weapon)
Armour
 c - a +0 buckler (worn)
 i - a +0 chain mail (worn)
 o - a +0 pair of gloves (worn)
Jewellery
 q - a +6 ring of intelligence
Scrolls
 b - 2 scrolls of fog {unknown}
 e - a scroll of enchant weapon {unknown}
 h - 2 scrolls of identify {unknown}
 j - a scroll of enchant armour {unknown}
 l - a scroll of revelation {unknown}
 r - a scroll of blinking {unknown}
 t - a scroll of teleportation {unknown}
Potions
 d - 2 potions of might
 f - a potion of enlightenment {unknown}
 g - a potion of curing {unknown}
 k - a potion of lignification {unknown}
 m - a potion of attraction {unknown}
 n - a potion of resistance {unknown}
 p - a potion of degeneration {unknown}
 s - a potion of berserk rage {unknown}


   Skills:
 + Level 3.8 Fighting
 + Level 2.3 Maces & Flails
 + Level 3.7 Armour
 + Level 0.1 Dodging
 + Level 3.6 Shields


You had 2 spell levels left.
You didn't know any spells.
Your spell library was empty.

Dungeon Overview and Level Annotations

Branches:
Dungeon (3/15)

Altars:
Hepliaklqana

Shops:
D:1 (

Annotations:
D:2 Sigmund


Innate Abilities, Weirdness & Mutations

You are immune to sickness and miasma.
Your stone body is resilient. (AC +3)
You are immune to poison.
You resist negative energy. (rN+)
You are resistant to electric shocks. (rElec)
You are resistant to unholy torment.
You are immune to petrification.


Message History

The orc is lightly wounded.
You hear a shout!
The orc hits you but does no damage. The orc hits you with a +0 short sword.
An orc priest comes into view. It is wielding a +0 flail.
You closely miss the orc.
The orc is lightly wounded.
You block the orc's attack. The orc hits you but does no damage. x2
The orc barely misses you.
You thump the orc!
You kill the orc!
You block the orc's attack.
The orc priest invokes the aid of Beogh against you.
Beogh smites you!
Ouch! That really hurt!
You are too injured to fight recklessly!
You are too injured to fight recklessly!
You are too injured to fight recklessly!
You are too injured to fight recklessly!
You are too injured to fight recklessly!
You are too injured to fight recklessly!
You are too injured to fight recklessly!
You are too injured to fight recklessly!
You are too injured to fight recklessly!
You are too injured to fight recklessly!
You are too injured to fight recklessly!
You are too injured to fight recklessly!
You are too injured to fight recklessly!
You are too injured to fight recklessly!
You are too injured to fight recklessly!
You are too injured to fight recklessly!
You are too injured to fight recklessly!
You are too injured to fight recklessly!
You are too injured to fight recklessly!
Unknown command.
Unknown command.
Unknown command.
The orc priest invokes the aid of Beogh against you.
Beogh smites you!
Ouch! That really hurt!
You die...

#############
#.#.......... .
#.....######
....###.@........###
#...)o#...#......#
#####.#####......#
#o# #......#.##


lo# #.#........# o.. #.#.#####..## ###. #............ . #<#...####### ..
####..)..#### You could see an orc priest, 3 orcs and a frilled lizard.

Vanquished Creatures
  An adder (D:2)
  An orc (D:3)
  A giant cockroach (D:2)
  A goblin (D:3)
  4 hobgoblins
  4 ball pythons
  A bat (D:2)
  3 frilled lizards (D:1)
  4 kobolds
  3 rats
23 creatures vanquished.

Notes
Turn   | Place    | Note
-------+----------+-------------------------------------------
     0 | D:1      | AdnanSaban the Gargoyle Fighter began the quest for the
                  | Orb.
     0 | D:1      | Reached XP level 1. HP: 14/14 MP: 1/1
   234 | D:1      | Reached XP level 2. HP: 19/19 MP: 2/2
   606 | D:1      | Found Upupef's Weapon Shoppe.
  1047 | D:2      | Noticed Sigmund
  1348 | D:2      | Found a hazy altar of Hepliaklqana.
  1391 | D:3      | Reached XP level 3. HP: 18/24 MP: 3/3
  1632 | D:3      | Killed from afar by an orc priest

Illustrated notes

Levels and vault maps discovered:
D:1:      minmay_arrival_jagged, layout_basic, serial_shops,
          nicolae_shop_back_alley_shop, hex_large
D:2:      layout_loops_ring, basic_altar, minivault_19, uniq_sigmund
D:3:      layout_basic

Action                     || total
---------------------------++-------
  Melee: Flail             ||    74
 Armour: Scale mail        ||    18
         Chain mail        ||    30
  Dodge: Dodged            ||    36
  Block: Buckler           ||    20

Table legend: (Time is in decaauts)
 A = Elapsed time spent in this place.
 B = Non-inter-level travel time spent in this place.
 C = Inter-level travel time spent in this place.
 D = Time resting spent in this place.
 E = Time spent auto-exploring this place.
 F = Levels seen in this place.
 G = Mean time per level.
                   A        B        C        D        E       F      G
               +--------+--------+--------+--------+--------+-----+--------+
         Total |   1655 |   1491 |    164 |      0 |   1242 |   3 |  551.7 |
       Dungeon |   1655 |   1491 |    164 |      0 |   1242 |   3 |  551.7 |
               +--------+--------+--------+--------+--------+-----+--------+

Top non-repeatable levels by time:
     D:1: 1015 daAuts
     D:2: 389 daAuts
     D:3: 250 daAuts
